 Dungeon Crawl Stone Soup version 0.20.1-1-g8b1a95d (webtiles) character file.

91 KromesxD the Grasshopper (level 4, -13/28 HPs)
             Began as a Kobold Warper on Dec 1, 2017.
             Killed from afar by Ijyb (21 damage)
             ... with a wand of lightning (?/15)
             ... on level 3 of the Dungeon.
             The game lasted 00:07:32 (3044 turns).

KromesxD the Grasshopper (Kobold Warper)            Turns: 3044, Time: 00:07:32

Health: -13/28     AC:  3    Str:  8    XL:     4   Next: 87%
Magic:  8/8        EV: 15    Int: 14    God:
Gold:   87         SH:  0    Dex: 15    Spells: 6/8 levels left

rFire    . . .     SeeInvis .   i - +2 dagger (holy)
rCold    . . .     Gourm    .   (shield restricted)
rNeg     . . .     Faith    .   b - +0 leather armour
rPois    .         Spirit   .   (no helmet)
rElec    .         Reflect  .   (no cloak)
rCorr    .         Harm     .   (no gloves)
MR       .....                  (no boots)
Stlth    ++........             (no amulet)
Regen    0.1/turn               (no ring)
MPRegen  0.2/turn               (no ring)

@: no status effects
A: carnivore 3
a: no special abilities


You were on level 3 of the Dungeon.
You were completely stuffed.

You visited 1 branch of the dungeon, and saw 3 of its levels.

You collected 87 gold pieces.

Inventory:

Hand Weapons
 a - a +0 short sword
 i - a +2 dagger of holy wrath (weapon)
 r - a +2 dagger of venom
Missiles
 e - 4 tomahawks of dispersal (quivered)
Armour
 b - a +0 leather armour (worn)
Scrolls
 d - a scroll of blinking
 h - 2 scrolls of identify {unknown}
 j - 2 scrolls of enchant armour {unknown}
 k - a scroll of random uselessness {unknown}
 l - 6 scrolls of teleportation {unknown}
 m - 2 scrolls of remove curse {unknown}
 q - a scroll of recharging {unknown}
Potions
 g - a potion of berserk rage {unknown}
 n - 2 potions of curing {unknown}
 p - a potion of lignification {unknown}
 s - a potion of invisibility {unknown}
Books
 c - a book of Spatial Translocations

   Spells                             Type                      Level
   a - Blink                          Translocation                2
   b - Shroud of Golubria             Charms/Translocation         2
   c - Lesser Beckoning               Translocation                3
   d - Gell's Gravitas                Translocation                3
   e - Teleport Other                 Translocation                3
   f - Passage of Golubria            Translocation                4
Comestibles
 f - a meat ration
 o - a royal jelly


   Skills:
 - Level 3.2 Fighting
 - Level 3.2 Short Blades
 - Level 1.1 Throwing
 - Level 0.7 Armour
 - Level 3.1 Dodging
 + Level 1.9 Stealth
 + Level 2.7 Spellcasting
 + Level 3.3 Translocations


You had 6 spell levels left.
You knew the following spells:

 Your Spells              Type           Power        Failure   Level  Hunger
a - Blink                 Tloc           N/A          12%         2    ###....


Dungeon Overview and Level Annotations

Branches:
Dungeon (3/15)

Altars:

Annotations:
D:3 Ijyb


Innate Abilities, Weirdness & Mutations

You are small and have problems with some larger weapons.
You are carnivorous and can eat meat at any time.


Message History

An orc comes into view. It is wielding a hand axe.
Ijyb shouts!
You hit the orc.
The orc is moderately wounded.
The orc closely misses you.
A goblin comes into view.
The orc misses you.
The goblin shouts!
The orc wizard gestures wildly while chanting.
The orc wizard flickers and vanishes!
Deactivating autopickup; reactivate with Ctrl-A.
Ijyb zaps a wand.
The bolt of lightning hits you!
Ouch! That really hurt!
* * * LOW HITPOINT WARNING * * *
It is a wand of lightning (?/15).
Ijyb zaps a wand.
The bolt of lightning hits the orc.
The orc dies!
The bolt of lightning hits you!
Ouch! That really hurt!
You die...

### #.. ####### #.#
.# #.....# #.# #.#
#.....####.# #.##
#.....)....# #...
#.....####.# #...
#...@.# #.# #...
###.### #.#######...
##)## #...........
##.g[## ##.#..###...
#.o...# #.#..# #...
#.o..## #.#..# ###.
#.o..o....g......#..#
#..
..............####..#
#.# #####...###...#
#..####..


You could see Ijyb and 3 orcs.

Vanquished Creatures
  2 adders
  An ooze (D:1)
  3 worms (D:2)
  2 leopard geckos
  3 giant cockroaches
  6 goblins
  12 hobgoblins
  7 jackals
  2 quokkas (D:2)
  2 bats (D:1)
  A frilled lizard (D:1)
  4 kobolds
  7 rats
52 creatures vanquished.

Vanquished Creatures (others)
  An orc (D:3)
1 creature vanquished.

Grand Total: 53 creatures vanquished

Notes
Turn   | Place    | Note
-------+----------+-------------------------------------------
     0 | D:1      | KromesxD the Kobold Warper began the quest for the Orb.
     0 | D:1      | Reached XP level 1. HP: 12/12 MP: 3/3
   200 | D:1      | Reached XP level 2. HP: 17/18 MP: 5/5
   763 | D:1      | Reached XP level 3. HP: 11/23 MP: 6/6
  1371 | D:1      | Learned a level 2 spell: Blink
  1502 | D:2      | Reached skill level 1 in Stealth
  1791 | D:2      | Reached XP level 4. HP: 24/28 MP: 7/7
  3037 | D:3      | Noticed Ijyb
  3044 | D:3      | Killed from afar by Ijyb

Skill      XL: |  1  2  3 |
---------------+----------+-----
Short Blades   | 3 |  3.2
Fighting       | 3 |  3.2
Dodging        | 3 |  3.1
Stealth        | 1 |  1.9
Throwing       | |  1.1
Armour         | |  0.7
Spellcasting   | |  2.7
Translocations | |  3.3

Action                   |  1- 3 |  4- 6 || total
-------------------------+-------+-------++-------
Melee: Short sword       |   108 |       ||   108
       Dagger            |    58 |   132 ||   190
Throw: Tomahawk          |     1 |       ||     1
 Cast: Blink             |     1 |       ||     1
 Stab: Sleeping          |       |     4 ||     4
  Eat: Chunk             |     8 |     8 ||    16
Armor: Leather armour    |    30 |     8 ||    38
Dodge: Dodged            |   138 |    74 ||   212
